 Dungeon Crawl Stone Soup version 0.31-a0-963-ga325b2283a (webtiles) character file.

Game seed: 12435255430147041359

1439 Gargoyl the Chopper (level 8, -9/50 HPs)
             Began as a Gargoyle Berserker on Oct 25, 2023.
             Was a Priest of Trog.
             Killed from afar by Maggie (24 damage)
             ... with a bolt of fire
             ... on level 6 of the Dungeon.
             The game lasted 00:07:04 (5113 turns).

Gargoyl the Chopper (Gargoyle Berserker)            Turns: 5113, Time: 00:07:05

Health: -9/50      AC: 18    Str: 21    XL:     8   Next: 74%
Magic:  8/8        EV: 11    Int:  8    God:    Trog [***...]
Gold:   277        SH:  5    Dex: 11    Spells: 7/7 levels left

rFire   . . .        a - +1 hand axe
rCold   . . .        (no shield)
rNeg    + . .        k - +0 scale mail
rPois   ∞            i - +1 helmet
rElec   +            (no cloak)
rCorr   .            c - +0 pair of gloves
SInv    .            (no boots)
Will    ++...        b - amulet of reflection Stlth
                     (no ring)
HPRegen 1.28/turn    (no ring)
MPRegen 0.11/turn

%: reflection
@: mighty, strong-willed (expiring), mesmerised, regenerating (expiring)
A: sickness immunity, AC +5, negative energy resistance 1, electricity
resistance, torment resistance 1, petrification resistance, iridescent scales 1
a: Renounce Religion, Berserk, Trog's Hand


You were on level 6 of the Dungeon.
You worshipped Trog.
Trog was most pleased with you.
You visited 1 branch of the dungeon, and saw 6 of its levels.

You collected 277 gold pieces.

Inventory:

Hand Weapons
 a - a +1 hand axe (weapon)
 d - a +0 flail of draining
Missiles
 f - 16 poisoned darts (quivered)
Armour
 c - a +0 pair of gloves (worn)
 i - a +1 helmet (worn)
 k - a +0 scale mail (worn)
Jewellery
 b - an amulet of reflection (around neck)
Wands
 m - a wand of polymorph (10)
 p - a wand of charming (20)
Scrolls
 j - 4 scrolls of teleportation
Potions
 e - a potion of lignification
 l - a potion of haste


   Skills:
 + Level 5.5 Fighting
 + Level 7.2 Axes
 + Level 4.5 Armour
 + Level 3.6 Dodging
 + Level 2.0 Stealth
 + Level 2.4 Shields


You had 7 spell levels left.
You didn't know any spells.
Your spell library was empty.

Dungeon Overview and Level Annotations

Branches:
Dungeon (6/15)
 Temple: D:4-7

Altars:
Dithmenos
Trog
Yredelemnul

Shops:
D:5 [

Annotations:
D:4 3 runed translucent doors, vaulus's ghost, amateur MiFi
D:6 Jeremiah; Maggie


Innate Abilities, Weirdness & Mutations

You are immune to sickness and miasma.
Your stone body is resilient. (AC +5)
You are immune to poison.
You resist negative energy. (rN+)
You are resistant to electric shocks. (rElec)
You are resistant to unholy torment.
You are immune to petrification.
You are partially covered in iridescent scales. (AC +2)


Message History

Maggie is moderately wounded.
Maggie casts a spell at you. The bolt of fire misses you.
You barely miss Maggie.
Maggie is moderately wounded.
Maggie hits you with a +1 war axe of flaming!
Maggie burns you.
You closely miss Maggie.
Maggie is moderately wounded.
Maggie hits you with a +1 war axe of flaming!
Maggie burns you.
It was a potion of mutation.
You feel extremely strange.
Iridescent scales grow over part of your body.
Maggie closely misses you.
You feel very mighty all of a sudden.
Maggie casts a spell.
Maggie draws you further into her thrall.
You hit Maggie but do no damage.
Maggie is moderately wounded.
You feel the effects of Trog's Hand fading.
You block Maggie's attack.
You slice Maggie!!
Maggie is heavily wounded.
Maggie hits you with a +1 war axe of flaming.
Maggie burns you.
You slash Maggie!
Maggie is severely wounded.
Maggie casts a spell at you. The bolt of fire hits you!
* * * LOW HITPOINT WARNING * * *
Unknown command.
You hit Maggie.
Maggie is almost dead.
Maggie hits you but does no damage.
Unknown command.
You barely miss Maggie.
Maggie is almost dead.
Maggie gestures at you while chanting. The bolt of fire hits you!!
You die...

##......................#.#
##<......................#b.
......##.[.....<.....<#.##.b
####..<%[.).............#.#
#######.....##############b#
.........#............b..bF#
##......###..........bb...##
#..##..###..##........... #
##.###..#.@## ...b.bb.@b .
###..##....@## ......... .
#.............. ........ .
#..##.........# .......
#.####..._.[.##
#..##.........#
#..............
##...##.....##. #..###..#..#


You could see Maggie (mesmerising).

Vanquished Creatures
  A black bear (D:4)
  An ice beast (D:5)
  A sky beast (D:6)
  A kobold brigand (D:4)
  A bullfrog (D:4)
  2 water moccasin zombies (D:4)
  3 scorpions
  2 orc priests (D:6)
  3 hounds
  Natasha (thrice) (D:2)
  5 iguanas
  5 orc wizards
  A mummy (D:5)
  Robin (D:4)
  8 adders
  4 gnolls (D:3)
  A worm (D:3)
  6 dart slugs
  19 orcs
  11 ball pythons
  2 bats
  6 endoplasms
  A giant cockroach (D:4)
  20 goblins
  10 hobgoblins
  4 jackals
  4 quokkas
  4 frilled lizards (D:3)
  3 hobgoblin zombies (D:5)
  9 kobolds
  An orc zombie (D:5)
  3 rats
146 creatures vanquished.

Notes
Turn   | Place    | Note
-------+----------+-------------------------------------------
     0 | D:1      | Gargoyl the Gargoyle Berserker began the quest for the Orb.
     0 | D:1      | Reached XP level 1. HP: 14/14 MP: 1/1
   173 | D:1      | Reached XP level 2. HP: 19/19 MP: 2/2
   207 | D:1      | Reached skill level 3 in Axes
   376 | D:1      | Reached XP level 3. HP: 24/24 MP: 3/3
   385 | D:1      | Reached ** piety under Trog
  1063 | D:2      | Noticed Natasha
  1087 | D:2      | Killed Natasha
  1088 | D:2      | Reached XP level 4. HP: 29/29 MP: 4/4
  1169 | D:2      | Noticed Natasha
  1176 | D:2      | Killed Natasha
  1265 | D:2      | Noticed Natasha
  1269 | D:2      | Killed Natasha
  1270 | D:2      | Reached skill level 4 in Axes
  1916 | D:2      | Reached XP level 5. HP: 33/33 MP: 5/5
  2345 | D:3      | Reached skill level 1 in Stealth
  2350 | D:3      | Reached XP level 6. HP: 39/39 MP: 6/6
  2455 | D:3      | Found a bloodstained altar of Trog.
  2981 | D:4      | Noticed Robin
  2991 | D:4      | Killed Robin
  3032 | D:4      | Reached skill level 5 in Axes
  3040 | D:4      | Reached *** piety under Trog
  3388 | D:4      | Found a large runed translucent door.
  3388 | D:4      | Found a large runed translucent door.
  3388 | D:4      | Noticed a black bear
  3390 | D:4      | Found the +3 pair of seven-league boots {Rampage+∞}
  3397 | D:4      | Found a large runed translucent door.
  3397 | D:4      | Found a large runed translucent door.
  3420 | D:4      | Reached XP level 7. HP: 40/44 MP: 7/7
  3470 | D:4      | Identified the staff of Siaxtom {rC+ rCorr Int+3 Dex+7 Ice}
  3650 | D:4      | Noticed vaulus's ghost (amateur MiFi)
  3653 | D:4      | Found a runed translucent door.
  3802 | D:4      | Found a basalt altar of Yredelemnul.
  3961 | D:4      | Reached skill level 6 in Axes
  3967 | D:4      | Identified the staff "Juokkow" {rF+ Int+2 Fire}
  4014 | D:4      | Reached skill level 5 in Fighting
  4129 | D:4      | You fall into a shaft and drop 1 floor!
  4129 | D:5      | Entered Level 5 of the Dungeon
  4152 | D:5      | Reached XP level 8. HP: 32/49 MP: 8/8
  4244 | D:5      | You fall into a shaft and drop 1 floor!
  4249 | D:6      | Found a shadowy altar of Dithmenos.
  4320 | D:5      | Reached skill level 1 in Shields
  4685 | D:5      | Found Zadil's Antique Armour Shop.
  5012 | D:6      | Reached skill level 7 in Axes
  5055 | D:6      | Noticed Jeremiah
  5060 | D:6      | Noticed Maggie
  5107 | D:6      | Gained mutation: You are partially covered in iridescent
                  | scales. (AC +2) [potion of mutation]
  5113 | D:6      | Killed from afar by Maggie

Illustrated notes

Levels and vault maps discovered:
D:1:      tarquinn_simple_flora_water_e, layout_basic, chequers_big_river,
          minmay_crystal_water
D:2:      layout_loops_corners, uniq_natasha
D:3:      layout_loops_cross, trog_butcher_becter
D:4:      layout_cave_pools, lemuel_zombie_altar_yredelemnul,
          hellmonk_ghost_happy_afterlife, grunt_decor_one_mirror,
          minmay_hollow_rounded_squares, uniq_robin
D:5:      layout_loops_ring, serial_shops, nicolae_square_shop,
          amcnicky_mini_pool_small, minmay_mini_ossuary
D:6:      layout_basic, general_overflow_altar, nicolae_dithmenos_shadow_blocks,
          serial_rivers, chequers_serial_rivers_micro_a,
          chequers_serial_rivers_micro_e, chequers_serial_rivers_marsh,
          chequers_serial_rivers_micro_c, uniq_maggie, uniq_jeremiah

Skill      XL: |  1  2  3  4  5  6  7  8 |
---------------+-------------------------+-----
Axes           | 3 4 5 6 7 |  7.2
Dodging        | 2 3 |  3.6
Fighting       | 4 5 |  5.5
Stealth        | 1 2 |  2.0
Armour         | 3 4 |  4.5
Shields        | 2 |  2.4

Action                     |  1- 3 |  4- 6 |  7- 9 || total
---------------------------+-------+-------+-------++-------
  Melee: Hand axe          |    93 |   204 |   298 ||   595
         Punch             |       |     2 |     3 ||     5
 Invoke: Berserk           |     1 |     4 |     3 ||     8
         Trog's Hand       |     1 |     2 |     2 ||     5
    Use: Scroll            |     2 |     8 |     5 ||    15
         Potion            |       |       |     3 ||     3
   Stab: Sleeping          |       |     1 |       ||     1
 Armour: Animal skin       |    61 |    92 |       ||   153
         Scale mail        |       |    87 |   216 ||   303
  Dodge: Dodged            |    69 |   121 |   146 ||   336
  Block: Other             |       |       |    45 ||    45

Table legend: (Time is in decaauts)
 A = Elapsed time spent in this place.
 B = Non-inter-level travel time spent in this place.
 C = Inter-level travel time spent in this place.
 D = Time resting spent in this place.
 E = Time spent auto-exploring this place.
 F = Levels seen in this place.
 G = Mean time per level.
                   A        B        C        D        E       F      G
               +--------+--------+--------+--------+--------+-----+--------+
         Total |   5228 |   5051 |    177 |     94 |   3498 |   6 |  871.3 |
       Dungeon |   5228 |   5051 |    177 |     94 |   3498 |   6 |  871.3 |
               +--------+--------+--------+--------+--------+-----+--------+

Top non-repeatable levels by time:
     D:2: 1209 daAuts
     D:4: 1181 daAuts
     D:1: 967 daAuts
     D:3: 875 daAuts
     D:5: 734 daAuts
     D:6: 261 daAuts
